| TOP OF THE 1ST |
|
Detroit (APP) Tigers batting - Pitching for Bluefield Blue Jays : RHP Chitoji Takemoto
|
|
Pitching: RHP Chitoji Takemoto
|
|
|
Batting: RHB Brian Bartholomew
|
0-0: Fly out, F8 (Flyball, 8RD, EV 81.9 MPH)
|
|
Batting: RHB Raul Villa
|
0-0: Called Strike 0-1: Foul Ball, location: 2F 0-2: Ball 1-2: Strikes out swinging
|
|
Batting: RHB Drew Shamis
|
0-0: Fly out, F7 (Line Drive, 7, EV 106.9 MPH)
|
| Top of the 1st over - 0 runs, 0 hits, 0 errors, 0 left on base; Detroit (APP) 0 - Bluefield 0 |
| BOTTOM OF THE 1ST |
|
Bluefield Blue Jays batting - Pitching for Detroit (APP) Tigers : RHP Eric Teixeira
|
|
Pitching: RHP Eric Teixeira
|
|
|
Batting: RHB Mario Alfaro
|
0-0: Swinging Strike 0-1: Ball 1-1: Ball 2-1: Foul Ball, location: 2F 2-2: Foul Ball, location: 2F 2-2: Ball 3-2: Fly out, F8 (Line Drive, 8LM, EV 105.0 MPH)
|
|
Batting: RHB Sung-ho Lee
|
0-0: Ball 1-0: SINGLE (Flyball, 78S, EV 97.5 MPH)
|
|
Batting: SHB Orlando Lopez
|
0-0: Ball 1-0: Foul Ball, location: 2F 1-1: Foul Ball, location: 2F 1-2: Ball Sung-ho Lee steals 2nd base 2-2: Ball 3-2: Fly out, F8 (Flyball, 78S, EV 81.3 MPH)
|
|
Batting: RHB Murray Yerzy
|
0-0: Called Strike 0-1: Ball 1-1: Ground out 5-3 (Groundball, 56, EV 96.3 MPH)
|
| Bottom of the 1st over - 0 runs, 1 hit, 0 errors, 1 left on base; Detroit (APP) 0 - Bluefield 0 |
| TOP OF THE 2ND |
|
Detroit (APP) Tigers batting - Pitching for Bluefield Blue Jays : RHP Chitoji Takemoto
|
|
Batting: RHB Mark Williamson
|
0-0: Ball 1-0: Ball 2-0: Swinging Strike 2-1: Called Strike 2-2: Strikes out swinging
|
|
Batting: RHB Danny Doster
|
0-0: Fly out, F8 (Flyball, 8RD, EV 96.9 MPH)
|
|
Batting: LHB Mike Elliott
|
0-0: Called Strike 0-1: Foul Ball, location: 2F 0-2: Ball 1-2: Foul Ball, location: 2F 1-2: Strikes out swinging
|
| Top of the 2nd over - 0 runs, 0 hits, 0 errors, 0 left on base; Detroit (APP) 0 - Bluefield 0 |
| BOTTOM OF THE 2ND |
|
Bluefield Blue Jays batting - Pitching for Detroit (APP) Tigers : RHP Eric Teixeira
|
|
Batting: LHB Jokichi Shimada
|
0-0: Ball 1-0: Called Strike 1-1: Foul Ball, location: 2F 1-2: Foul Ball, location: 2F 1-2: Foul Ball, location: 2F 1-2: Foul Ball, location: 2F 1-2: Ball 2-2: Fly out, F9 (Flyball, 9, EV 80.0 MPH)
|
|
Batting: LHB Andy Brumley
|
0-0: Ball 1-0: Foul Ball, location: 2F 1-1: Ball 2-1: Foul Ball, location: 2F 2-2: Strikes out swinging
|
|
Batting: RHB Logan Humby
|
0-0: DOUBLE (Line Drive, 8RXD, EV 114.4 MPH)
|
|
Batting: RHB Jose Amparan
|
0-0: Ball 1-0: Ground out 6-3 (Groundball, 6, EV 102.5 MPH)
|
| Bottom of the 2nd over - 0 runs, 1 hit, 0 errors, 1 left on base; Detroit (APP) 0 - Bluefield 0 |
| TOP OF THE 3RD |
|
Detroit (APP) Tigers batting - Pitching for Bluefield Blue Jays : RHP Chitoji Takemoto
|
|
Batting: RHB Mike Pollock
|
0-0: Called Strike 0-1: Called Strike 0-2: Strikes out swinging
|
|
Batting: RHB Mike Ivanov
|
0-0: Foul Ball, location: 2F 0-1: Ball 1-1: Ball 2-1: Called Strike 2-2: Foul Ball, location: 2F 2-2: Strikes out swinging
|
|
Batting: LHB Bryan Heiner
|
0-0: Ball 1-0: Ball 2-0: Foul Ball, location: 2F 2-1: Foul Ball, location: 2F 2-2: Strikes out swinging
|
| Top of the 3rd over - 0 runs, 0 hits, 0 errors, 0 left on base; Detroit (APP) 0 - Bluefield 0 |
| BOTTOM OF THE 3RD |
|
Bluefield Blue Jays batting - Pitching for Detroit (APP) Tigers : RHP Eric Teixeira
|
|
Batting: RHB Tyler Gray
|
0-0: Ball 1-0: Foul Ball, location: 2F 1-1: Ball 2-1: Ground out 5-3 (Groundball, 56S, EV 67.5 MPH)
|
|
Batting: RHB Mario Alfaro
|
0-0: Fly out, F7 (Flyball, 78M, EV 80.0 MPH)
|
|
Batting: RHB Sung-ho Lee
|
0-0: DOUBLE (Groundball, 5L, EV 103.8 MPH)
|
|
Batting: SHB Orlando Lopez
|
0-0: Ball 1-0: Foul Ball, location: 2F 1-1: Foul Ball, location: 2F 1-2: Ball 2-2: Ball 3-2: DOUBLE (Line Drive, 8LXD, EV 106.3 MPH) Sung-ho Lee scores
|
|
Batting: RHB Murray Yerzy
|
0-0: Called Strike 0-1: Called Strike 0-2: Fly out, F8 (Flyball, 8LS, EV 90.0 MPH)
|
| Bottom of the 3rd over - 1 run, 2 hits, 0 errors, 1 left on base; Detroit (APP) 0 - Bluefield 1 |
| TOP OF THE 4TH |
|
Detroit (APP) Tigers batting - Pitching for Bluefield Blue Jays : RHP Chitoji Takemoto
|
|
Batting: RHB Brian Bartholomew
|
0-0: Called Strike 0-1: Bunt for hit to 23 - play at first, batter safe!
|
|
Batting: RHB Raul Villa
|
0-0: Ball 1-0: Ball 2-0: Swinging Strike 2-1: Called Strike 2-2: Strikes out swinging
|
|
Batting: RHB Drew Shamis
|
0-0: Ball 1-0: SINGLE (Groundball, 4MD, EV 106.3 MPH) Brian Bartholomew to second
|
|
Batting: RHB Mark Williamson
|
0-0: Called Strike 0-1: Called Strike 0-2: Foul Ball, location: 2F 0-2: Ball 1-2: Foul Ball, location: 2F 1-2: Foul Ball, location: 2F 1-2: Ball 2-2: Fly out, F3 (Popup, 3F, EV 60.0 MPH)
|
|
Batting: RHB Danny Doster
|
0-0: Called Strike 0-1: Called Strike 0-2: DOUBLE (Flyball, 78D, EV 101.9 MPH) Brian Bartholomew scores Drew Shamis to third Runner from 3rd tries for Home, SAFE, throw by LF to home
|
|
Batting: LHB Mike Elliott
|
0-0: Called Strike 0-1: Swinging Strike 0-2: Ball 1-2: Strikes out looking
|
| Top of the 4th over - 2 runs, 3 hits, 0 errors, 1 left on base; Detroit (APP) 2 - Bluefield 1 |
| BOTTOM OF THE 4TH |
|
Bluefield Blue Jays batting - Pitching for Detroit (APP) Tigers : RHP Eric Teixeira
|
|
Batting: LHB Jokichi Shimada
|
0-0: Called Strike 0-1: Called Strike 0-2: Foul Ball, location: 2F 0-2: Ball 1-2: Ball 2-2: Ball 3-2: Base on Balls
|
|
Batting: LHB Andy Brumley
|
0-0: Swinging Strike 0-1: Ball 1-1: Foul Ball, location: 2F 1-2: 2-RUN HOME RUN (Flyball, 7D, EV 100.6 MPH), Distance : 393 ft
|
|
Batting: RHB Logan Humby
|
0-0: Ball 1-0: Called Strike 1-1: Foul Ball, location: 2F 1-2: Ball 2-2: Fly out, F8 (Flyball, 89M, EV 91.3 MPH)
|
|
Batting: RHB Jose Amparan
|
0-0: Called Strike 0-1: Fly out, F9 (Line Drive, 9, EV 88.1 MPH)
|
|
Batting: RHB Tyler Gray
|
0-0: Foul Ball, location: 2F 0-1: Fly out, F9 (Flyball, 89M, EV 91.9 MPH)
|
| Bottom of the 4th over - 2 runs, 1 hit, 0 errors, 0 left on base; Detroit (APP) 2 - Bluefield 3 |
| TOP OF THE 5TH |
|
Detroit (APP) Tigers batting - Pitching for Bluefield Blue Jays : RHP Chitoji Takemoto
|
|
Batting: RHB Mike Pollock
|
0-0: Fly out, F9 (Flyball, 9LSF, EV 95.0 MPH)
|
|
Batting: RHB Mike Ivanov
|
0-0: Called Strike 0-1: Swinging Strike 0-2: Ball 1-2: Strikes out swinging
|
|
Batting: LHB Bryan Heiner
|
0-0: Foul Ball, location: 2F 0-1: Ball 1-1: Ball 2-1: Ball 3-1: Swinging Strike 3-2: Foul Ball, location: 2F 3-2: Foul Ball, location: 2F 3-2: Base on Balls
|
|
Batting: RHB Brian Bartholomew
|
0-0: Ball 1-0: Ball 2-0: Called Strike 2-1: Swinging Strike 2-2: Strikes out looking
|
| Top of the 5th over - 0 runs, 0 hits, 0 errors, 1 left on base; Detroit (APP) 2 - Bluefield 3 |
| BOTTOM OF THE 5TH |
|
Bluefield Blue Jays batting - Pitching for Detroit (APP) Tigers : RHP Eric Teixeira
|
|
Batting: RHB Mario Alfaro
|
0-0: Ball 1-0: Called Strike 1-1: Foul Ball, location: 2F 1-2: Fly out, F6 (Popup, 6S, EV 41.3 MPH)
|
|
Batting: RHB Sung-ho Lee
|
0-0: Foul Ball, location: 2F 0-1: Called Strike 0-2: Ball 1-2: Ball 2-2: Foul Ball, location: 2F 2-2: SINGLE (Groundball, 6MD, EV 106.9 MPH)
|
|
Pitching: LHP Marcos Ramirez
|
|
|
Batting: SHB Orlando Lopez
|
0-0: Called Strike 0-1: Foul Ball, location: 2F 0-2: Ball 1-2: Ball 2-2: Ball 3-2: Foul Ball, location: 2F 3-2: SINGLE (Groundball, 34D, EV 101.9 MPH) Sung-ho Lee to second Sung-ho Lee to third
|
|
Batting: RHB Murray Yerzy
|
0-0: Fly out, F8 (Flyball, 8LD, EV 105.6 MPH) Runner from 3rd tags up, OUT at HOME! 8-2
|
| Bottom of the 5th over - 0 runs, 2 hits, 0 errors, 1 left on base; Detroit (APP) 2 - Bluefield 3 |
| TOP OF THE 6TH |
|
Detroit (APP) Tigers batting - Pitching for Bluefield Blue Jays : RHP Chitoji Takemoto
|
|
Batting: RHB Raul Villa
|
0-0: Called Strike 0-1: Ball 1-1: Swinging Strike 1-2: Strikes out swinging
|
|
Pitching: RHP Justin Ramirez
|
|
|
Batting: RHB Drew Shamis
|
0-0: Ball 1-0: Swinging Strike 1-1: SINGLE (Line Drive, 6M, EV 108.1 MPH)
|
|
Batting: RHB Mark Williamson
|
0-0: Ball 1-0: Ball 2-0: Ball 3-0: Called Strike 3-1: Foul Ball, location: 2F 3-2: Strikes out swinging
|
|
Batting: RHB Danny Doster
|
0-0: Ball Drew Shamis steals 2nd base 1-0: Ball 2-0: Called Strike 2-1: Called Strike 2-2: Strikes out swinging
|
| Top of the 6th over - 0 runs, 1 hit, 0 errors, 1 left on base; Detroit (APP) 2 - Bluefield 3 |
| BOTTOM OF THE 6TH |
|
Bluefield Blue Jays batting - Pitching for Detroit (APP) Tigers : LHP Marcos Ramirez
|
|
Batting: LHB Jokichi Shimada
|
0-0: Ball 1-0: Ball 2-0: Foul Ball, location: 2F 2-1: Fly out, F8 (Flyball, 8LD, EV 102.5 MPH)
|
|
Batting: LHB Andy Brumley
|
0-0: Fly out, F3 (Line Drive, 3, EV 68.1 MPH)
|
|
Batting: RHB Logan Humby
|
0-0: Ball 1-0: Called Strike 1-1: Ball 2-1: Fly out, F8 (Flyball, 8RS, EV 89.4 MPH)
|
| Bottom of the 6th over - 0 runs, 0 hits, 0 errors, 0 left on base; Detroit (APP) 2 - Bluefield 3 |
| TOP OF THE 7TH |
|
Detroit (APP) Tigers batting - Pitching for Bluefield Blue Jays : RHP Justin Ramirez
|
|
Now at 1B: Mel Medlin
|
|
|
Batting: LHB Mike Elliott
|
0-0: Swinging Strike 0-1: Ball 1-1: Reached on error, E4 (Groundball, 4, EV 92.5 MPH)
|
|
Batting: RHB Mike Pollock
|
0-0: DOUBLE (Groundball, 5L, EV 101.9 MPH) Mike Elliott to third
|
|
Batting: RHB Mike Ivanov
|
0-0: Ball 1-0: Ball 2-0: Called Strike 2-1: Ball 3-1: Foul Ball, location: 2F 3-2: Base on Balls
|
|
Batting: LHB Bryan Heiner
|
0-0: Called Strike 0-1: Called Strike 0-2: Strikes out swinging
|
|
Pitching: RHP Chris Varner
|
|
|
Batting: RHB Brian Bartholomew
|
0-0: Foul Ball, location: 2F 0-1: Called Strike 0-2: Fly out, F8 (Flyball, 8LM, EV 95.0 MPH)
|
|
Batting: RHB Raul Villa
|
0-0: Ball 1-0: Called Strike 1-1: Foul Ball, location: 2F 1-2: Foul Ball, location: 2F 1-2: Ball 2-2: Ball 3-2: Strikes out swinging
|
| Top of the 7th over - 0 runs, 1 hit, 1 error, 3 left on base; Detroit (APP) 2 - Bluefield 3 |
| BOTTOM OF THE 7TH |
|
Bluefield Blue Jays batting - Pitching for Detroit (APP) Tigers : LHP Marcos Ramirez
|
|
Batting: RHB Jose Amparan
|
0-0: Swinging Strike 0-1: Swinging Strike 0-2: Ball 1-2: Fly out, F9 (Flyball, 9LSF, EV 77.5 MPH)
|
|
Batting: RHB Tyler Gray
|
0-0: Ball 1-0: Called Strike 1-1: Swinging Strike 1-2: Foul Ball, location: 2F 1-2: Foul Ball, location: 2F 1-2: Ball 2-2: Ball 3-2: Strikes out looking
|
|
Batting: RHB Mario Alfaro
|
0-0: Ball 1-0: SINGLE (Groundball, 56, EV 107.5 MPH) (infield hit)
|
|
Batting: RHB Sung-ho Lee
|
0-0: Ball 1-0: Foul Ball, location: 2F 1-1: Foul Ball, location: 2F 1-2: Ball 2-2: Fly out, F8 (Flyball, 8LD, EV 88.8 MPH)
|
| Bottom of the 7th over - 0 runs, 1 hit, 0 errors, 1 left on base; Detroit (APP) 2 - Bluefield 3 |
| TOP OF THE 8TH |
|
Detroit (APP) Tigers batting - Pitching for Bluefield Blue Jays : RHP Chris Varner
|
|
Batting: RHB Drew Shamis
|
0-0: Ball 1-0: Foul Ball, location: 2F 1-1: Ball 2-1: Foul Ball, location: 2F 2-2: Strikes out looking
|
|
Batting: RHB Mark Williamson
|
0-0: Ball 1-0: Foul Ball, location: 2F 1-1: SINGLE (Groundball, 56D, EV 98.8 MPH)
|
|
Pitching: RHP Luis Alvarez
|
|
|
Batting: RHB Danny Doster
|
0-0: Ball 1-0: Ball 2-0: Called Strike 2-1: Called Strike 2-2: Strikes out looking
|
|
Batting: LHB Mike Elliott
|
0-0: Ball 1-0: SINGLE (Groundball, 56D, EV 100.6 MPH) Mark Williamson to second
|
|
Batting: RHB Mike Pollock
|
0-0: Ball 1-0: Ball 2-0: Ball 3-0: Called Strike 3-1: Foul Ball, location: 2F 3-2: Foul Ball, location: 2F 3-2: Foul Ball, location: 2F 3-2: Strikes out swinging
|
| Top of the 8th over - 0 runs, 2 hits, 0 errors, 2 left on base; Detroit (APP) 2 - Bluefield 3 |
| BOTTOM OF THE 8TH |
|
Bluefield Blue Jays batting - Pitching for Detroit (APP) Tigers : LHP Marcos Ramirez
|
|
Pitching: RHP Mike Manis
|
|
|
Batting: RHB Mel Medlin
|
0-0: Ball 1-0: Ball 2-0: Foul Ball, location: 2F 2-1: Called Strike 2-2: Fly out, F7 (Line Drive, 7D, EV 100.6 MPH)
|
|
Batting: RHB Murray Yerzy
|
0-0: Called Strike 0-1: Ball 1-1: Ground out 6-3 (Groundball, 6, EV 86.9 MPH)
|
|
Batting: LHB Jokichi Shimada
|
0-0: Called Strike 0-1: Ball 1-1: Ball 2-1: Foul Ball, location: 2F 2-2: Foul Ball, location: 2F 2-2: Reached on error, E3 (Groundball, 34, EV 100.6 MPH)
|
|
Batting: LHB Andy Brumley
|
0-0: Ball 1-0: Ground out U3 (Groundball, 34S, EV 68.1 MPH)
|
| Bottom of the 8th over - 0 runs, 0 hits, 1 error, 1 left on base; Detroit (APP) 2 - Bluefield 3 |
| TOP OF THE 9TH |
|
Detroit (APP) Tigers batting - Pitching for Bluefield Blue Jays : RHP Luis Alvarez
|
|
Pitching: RHP Dusty Jacobs
|
|
|
Batting: RHB Mike Ivanov
|
0-0: Ball 1-0: Called Strike 1-1: Foul Ball, location: 2F 1-2: Ball 2-2: Strikes out swinging
|
|
Pinch Hitting: RHB Aaron Raymond
|
0-0: Foul Ball, location: 2F 0-1: Foul Ball, location: 2F 0-2: Ball 1-2: Strikes out swinging
|
|
Batting: RHB Brian Bartholomew
|
0-0: Ball 1-0: Foul Ball, location: 2F 1-1: Ground out 4-3 (Groundball, 4, EV 85.6 MPH)
|
| Top of the 9th over - 0 runs, 0 hits, 0 errors, 0 left on base; Detroit (APP) 2 - Bluefield 3 |
|